Map: Ascension to Aiur LE

Players

HuShang - Winner!

  • Race: Protoss Protoss
  • Spawn Location: 11:00

MaDSci

  • Race: Terran Terran
  • Spawn Location: 5:00

Event: WCS Montreal 2017

VOD

Have the link to the VOD?

Description

Time

  • Played on: Sept. 8, 2017, 12:53 p.m.
  • Length: 5:57

All games in this series

Show
View Real Time Build Order
Export as new Build Order

HuShang Protoss - Winner!

Build Orders: 1 Gate Expand 

Get SALT Encoding   

  12  0:01  Probe (Chrono Boost)  
  13  0:11  Probe (Chrono Boost)  
  14  0:18  Pylon  
  14  0:22  Probe (Chrono Boost)  
  15  0:36  Probe (Chrono Boost), Gateway  
  15  0:42  Assimilator  
  16  0:47  Probe (Chrono Boost)  
  17  0:57  Probe (Chrono Boost)  
  18  1:08  Probe (Chrono Boost)  
  19  1:19  Nexus  
  19  1:28  Cybernetics Core  
  19  1:32  Probe (Chrono Boost)  
  20  1:39  Assimilator  
  20  1:43  Probe (Chrono Boost)  
  21  1:49  Pylon  
  21  1:53  Probe (Chrono Boost)  
  22  2:04  Probe (Chrono Boost)  
  22  2:07  Adept (Chrono Boost)  
  25  2:11  Warp Gate (Chrono Boost)  
  25  2:16  Mothership Core  
  27  2:29  Probe  
  27  2:33  Adept (Chrono Boost)  
  30  2:39  Robotics Facility  
  30  2:40  Probe x2  
  32  2:48  Pylon  
  32  3:01  Stalker, Gateway  
  34  3:10  Gateway  
  34  3:18  Probe x2  
  36  3:23  Pylon  
  36  3:29  Observer (Chrono Boost)  
  36  3:30  Probe x2  
  39  3:34  Stalker (Chrono Boost)  
  41  3:45  Warp Prism (Chrono Boost)  
  39  3:56  Probe x2  
  41  4:03  Pylon  
  41  4:08  Probe x2  
  43  4:20  Probe x2  
  45  4:26  Stalker x3  
  51  4:34  Probe x2 (Chrono Boost)  
  51  4:42  Robotics Bay  
  51  4:43  Assimilator  
  51  4:44  Assimilator  
  53  4:49  Stalker x3  
  57  5:06  Probe x2 (Chrono Boost)  
  59  5:12  Zealot x3  
  65  5:15  Probe (Chrono Boost)  
  65  5:16  Immortal (Chrono Boost)  
  70  5:21  Probe  
  65  5:32  Stalker x2  
  67  5:46  Stalker  
Show
View Real Time Build Order
Export as new Build Order

MaDSci Terran 

Build Orders:  

Get SALT Encoding   

  12  0:00  SCV  
  13  0:12  SCV  
  14  0:17  Supply Depot  
  14  0:24  SCV  
  15  0:29  Refinery  
  15  0:39  SCV  
  16  0:45  Barracks  
  16  0:51  SCV  
  17  1:03  SCV  
  18  1:15  SCV  
  19  1:33  Supply Depot, Factory  
  19  1:36  Orbital Command  
  19  1:38  Marine  
  20  1:47  Barracks  
  20  1:53  Refinery  
  20  2:00  Marine  
  21  2:02  SCV  
  22  2:14  SCV  
  23  2:17  Marine  
  23  2:20  Armory  
  24  2:26  SCV  
  25  2:35  Marine  
  26  2:39  SCV  
  27  2:45  Marine  
  27  2:49  Starport  
  27  2:51  SCV  
  29  2:55  Supply Depot  
  29  2:59  Marine  
  29  3:03  Marine  
  31  3:16  SCV  
  32  3:24  Barracks Tech Lab  
  32  3:25  Command Center  
  32  3:29  SCV  
  32  3:30  Starport Tech Lab  
  33  3:35  Supply Depot  
  33  3:41  SCV  
  33  3:53  SCV  
  34  4:01  Marauder  
  34  4:02  Starport Reactor  
  36  4:06  Marine, SCV  
  37  4:18  SCV  
  37  4:23  Marauder  
  39  4:24  Marine  
  39  4:26  Bunker  
  39  4:30  SCV  
  41  4:31  Combat Shields  
  41  4:42  Marine, SCV  
  41  4:45  Marauder  
  45  4:48  Supply Depot  
  45  4:51  Medivac  
  47  4:58  SCV  
  47  4:59  Marine  
  47  5:10  Medivac, SCV, Marauder  
  47  5:11  Supply Depot  
  52  5:15  Orbital Command  
  52  5:21  Medivac  
  54  5:22  SCV  
Tags
 
Add a new tag
Caveats
  • Supply blocks, unpowered buildings, or Contaminate may cause inaccurate times.
  • Supply counts are checked every 10 seconds.